 Dungeon Sprint DCSS version 0.23.1 (webtiles) character file.

Game seed: 11939600456172763324

15100000 Gingerlord the Conqueror (level 27, -1400/199 HPs)
             Began as a Gargoyle Fighter on Mar 8, 2019.
             Was the Champion of Makhleb.
             Annihilated by The Meatlord
             ... wielding the +7 sceptre of Torment {pain, torment}
              (1493 damage)
             ... in the Dungeon (Sprint VIII: "Arena of Blood").
             The game lasted 00:04:06 (151 turns).

Gingerlord the Conqueror (Gargoyle Fighter)          Turns: 151, Time: 00:04:07

Health: -1400/199  AC: 34    Str: 21    XL:     27
Magic:  51/54      EV: 30    Int: 12    God:    Makhleb [******]
Gold:   0          SH:  0    Dex: 18    Spells: 80/80 levels left

rFire    . . .     SeeInvis .   l - +∞ Axe of Woe
rCold    . . .     Gourm    .   (shield currently unavailable)
rNeg     + . .     Faith    .   b - +0 scale mail
rPois    ∞         Spirit   .   (no helmet)
rElec    +         Reflect  .   (no cloak)
rCorr    .         Harm     .   (no gloves)
MR       ++...     NoTele   +   (no boots)
Stlth    ++++++++..             (no amulet)
HPRegen  0.43/turn              (no ring)
MPRegen  0.34/turn              (no ring)

@: no status effects
A: big wings, negative energy resistance 1, electricity resistance, unbreathing,
petrification resistance, rot immunity, AC +20
a: Fly, Minor Destruction, Lesser Servant of Makhleb, Major Destruction, Greater
Servant of Makhleb, Renounce Religion


You were in the Dungeon.
You worshipped Makhleb.
Makhleb was exalted by your worship.
You were not hungry.

You visited 1 branch

Inventory:

Hand Weapons
 a - a +0 flail
 l - the +∞ Axe of Woe (weapon)
   (You found it in the Dungeon)
Armour
 b - a +0 scale mail (worn)
 c - a +0 shield
Jewellery
 m - a +30 ring of slaying
Scrolls
 k - a scroll of blinking
Potions
 d - a potion of might
 e - a potion of curing
 g - a potion of heal wounds
 h - a potion of haste
 i - 2 potions of magic
 j - a potion of berserk rage
Comestibles
 f - a ration


   Skills:
 O Level 27 Fighting
 O Level 27 Axes
 O Level 27 Maces & Flails
 O Level 27 Throwing
 O Level 27 Armour
 O Level 27 Dodging
 O Level 27 Stealth
 O Level 27 Shields
 O Level 27 Unarmed Combat
 O Level 27 Spellcasting
 O Level 27 Invocations


You had 80 spell levels left.
You didn't know any spells.
Your spell library was empty.

Dungeon Overview and Level Annotations

Branches:
Dungeon (1/1)

Altars:
Makhleb

Annotations:
D The Meatlord


Innate Abilities, Weirdness & Mutations

You are resistant to torment.
Your stone body is resilient. (AC +20)
You are immune to poison.
Your large and strong wings let you fly indefinitely.
You resist negative energy. (rN+)
You are resistant to electric shocks. (rElec)
You can survive without breathing.
You are immune to petrification.
You are immune to rotting.


Message History

The bag of meat hits your blizzard demon with a +9 war axe!!!
Your blizzard demon dies!
You open the bag of meat like a pillowcase!!!
You dissect the bag of meat like a pig carcass.
You kill the bag of meat!
Makhleb accepts your kill.
You feel better.
Your Executioner gestures at the bag of meat.
The bag of meat writhes in agony.
The Meatlord waves its arms in wide circles.
The air twists around and strikes you!
Your Executioner hits the bag of meat!!
Your Executioner hits the bag of meat. x2
The bag of meat hits you with a +9 war axe!!
Your Executioner barely misses the bag of meat.
Your Executioner hits the bag of meat. x2
The bag of meat completely misses your Executioner.
You hear a shout!
The Meatlord hits you with the +7 sceptre of Torment {pain, torment}!!!!!!!!
Ouch! That really hurt!
You die...

.................
.................
#...o%...........
...............
............. .
#.......# ....% .#..
#))))...# ......
.....###)))))).###......
......oo@)###)..........
..#..%○&○)1_).).........
#......°#))o))#.......#.
.......○#_.<._#§.o...%..
#....%..#..%%)#°○....#.#
..#.%......_.)))°)......
.........%###))))§☼...#.
....###....)))###......
.... #......)# ......


You could see The Meatlord, 4 bags of meat and a friendly Executioner.

Vanquished Creatures
  4 vampire knights (D)
  24 ogres (D)
  6 two-headed ogres (D)
  107 orcs (D)
141 creatures vanquished.

Vanquished Creatures (others)
  4 ball lightnings (D)
4 creatures vanquished.

Grand Total: 145 creatures vanquished

Notes
Turn   | Place    | Note
-------+----------+-------------------------------------------
     0 | D        | Found the +∞ Axe of Woe
     0 | D        | Gingerlord the Gargoyle Fighter began the quest for the
                  | Orb.
     0 | D        | Reached XP level 1. HP: 14/14 MP: 1/1
     1 | D        | Noticed a bag of meat
     3 | D        | Noticed a bag of meat
     8 | D        | Killed a bag of meat
     8 | D        | Reached XP level 2. HP: 37/37 MP: 2/2
     8 | D        | Reached XP level 3. HP: 42/42 MP: 3/3
     8 | D        | Reached XP level 4. HP: 48/48 MP: 4/4
     8 | D        | Reached XP level 5. HP: 53/53 MP: 5/5
     8 | D        | Reached XP level 6. HP: 59/59 MP: 6/6
     8 | D        | Reached XP level 7. HP: 64/64 MP: 7/7
     8 | D        | Reached XP level 8. HP: 69/69 MP: 8/8
     8 | D        | Reached XP level 9. HP: 75/75 MP: 9/9
     8 | D        | Reached XP level 10. HP: 80/80 MP: 10/10
     8 | D        | Reached XP level 11. HP: 85/85 MP: 11/11
     8 | D        | Reached XP level 12. HP: 91/91 MP: 12/12
     9 | D        | Killed a bag of meat
     9 | D        | Reached skill level 5 in Axes
     9 | D        | Reached XP level 13. HP: 100/100 MP: 13/13
     9 | D        | Noticed a bag of meat
    10 | D        | Noticed a bag of meat
    11 | D        | Noticed a meat berserker
    11 | D        | Noticed a bag of meat
    12 | D        | Noticed a bag of meat
    12 | D        | Noticed a bag of meat
    12 | D        | Noticed a bag of meat
    12 | D        | Noticed a bag of meat
    12 | D        | Noticed a bag of meat
    13 | D        | Killed a bag of meat
    13 | D        | Reached skill level 10 in Maces & Flails
    13 | D        | Gained mutation: Your large and strong wings let you fly
                  | indefinitely. [Gargoyle growth]
    13 | D        | Reached XP level 14. HP: 108/108 MP: 14/14
    13 | D        | Killed a bag of meat
    13 | D        | Reached skill level 10 in Dodging
    13 | D        | Noticed a bag of meat
    13 | D        | Noticed a bag of meat
    14 | D        | Killed a meat berserker
    14 | D        | Reached skill level 10 in Axes
    14 | D        | Reached XP level 15. HP: 120/120 MP: 15/15
    15 | D        | Reached XP level 16. HP: 127/127 MP: 16/16
    16 | D        | Noticed a large bag of meat
    17 | D        | Reached skill level 15 in Dodging
    17 | D        | Reached XP level 17. HP: 105/136 MP: 17/17
    18 | D        | Reached skill level 27 in Fighting
    18 | D        | Reached skill level 15 in Axes
    18 | D        | Reached skill level 15 in Maces & Flails
    18 | D        | Reached skill level 27 in Armour
    18 | D        | Reached skill level 27 in Shields
    18 | D        | Reached XP level 18. HP: 112/145 MP: 18/18
    18 | D        | Noticed a meat berserker
    21 | D        | Reached XP level 19. HP: 118/151 MP: 19/19
    22 | D        | Killed a large bag of meat
    22 | D        | Noticed a meat berserker
    24 | D        | Killed a meat berserker
    24 | D        | Reached skill level 27 in Axes
    24 | D        | Reached XP level 20. HP: 98/157 MP: 20/20
    25 | D        | Noticed a meat berserker
    27 | D        | Became a worshipper of Makhleb the Destroyer
    28 | D        | Killed a meat berserker
    28 | D        | Reached skill level 27 in Dodging
    30 | D        | Killed a meat berserker
    30 | D        | Reached * piety under Makhleb
    30 | D        | Reached skill level 27 in Maces & Flails
    34 | D        | Noticed a meat berserker
    34 | D        | Noticed a meat berserker
    34 | D        | Noticed a meat berserker
    38 | D        | Noticed a large bag of meat
    38 | D        | Killed a meat berserker
    38 | D        | Reached XP level 21. HP: 38/163 MP: 20/36
    38 | D        | Reached skill level 15 in Stealth
    39 | D        | Noticed a meat berserker
    39 | D        | Noticed a meat berserker
    39 | D        | Noticed a meat berserker
    39 | D        | Noticed a meat berserker
    42 | D        | Killed a meat berserker
    42 | D        | Reached ** piety under Makhleb
    42 | D        | Reached skill level 15 in Throwing
    42 | D        | Reached skill level 15 in Spellcasting
    42 | D        | Reached XP level 22. HP: 81/169 MP: 20/41
    45 | D        | Killed a large bag of meat
    45 | D        | Reached *** piety under Makhleb
    45 | D        | Reached XP level 23. HP: 175/175 MP: 21/47
    47 | D        | Reached **** piety under Makhleb
    47 | D        | Reached skill level 27 in Stealth
    48 | D        | Reached skill level 27 in Invocations
    48 | D        | Reached skill level 27 in Unarmed Combat
    48 | D        | Reached XP level 24. HP: 181/181 MP: 22/52
    48 | D        | Reached ***** piety under Makhleb
    49 | D        | Reached skill level 27 in Throwing
    49 | D        | Reached skill level 27 in Spellcasting
    50 | D        | Noticed a destroyer
    50 | D        | Noticed a large bag of meat
    51 | D        | Reached XP level 25. HP: 187/187 MP: 23/54
    52 | D        | Reached ****** piety under Makhleb
    53 | D        | Killed a destroyer
    54 | D        | Reached XP level 26. HP: 193/193 MP: 23/54
    58 | D        | Noticed a destroyer
    59 | D        | Reached XP level 27. HP: 199/199 MP: 25/54
    61 | D        | Killed a destroyer
    61 | D        | Noticed a destroyer
    62 | D        | Killed a large bag of meat
    65 | D        | Killed a destroyer
    89 | D        | Noticed a large bag of meat
    90 | D        | Noticed a large bag of meat
    93 | D        | Noticed a destroyer
    94 | D        | Killed a large bag of meat
    96 | D        | Killed a destroyer
    97 | D        | Killed a large bag of meat
   130 | D        | Noticed a large bag of meat
   137 | D        | Killed a large bag of meat
   145 | D        | Noticed The Meatlord
   151 | D        | Annihilated by The Meatlord

Skill      XL: |  1  2  3  4  5  6  7  8  9 10 11 12 13 14 15 16 17 18 19 20 21 22 23 24 |
---------------+-------------------------------------------------------------------------+-----
Fighting       | 17 19 20 23 24 26 27 | 27.0
Axes           | 3 5 6 10 11 13 16 22 27 | 27.0
Maces & Flails | 8 9 10 12 13 14 15 18 20 27 | 27.0
Armour         | 17 19 20 22 23 25 27 | 27.0
Shields        | 16 18 20 22 23 25 27 | 27.0
Dodging        | 6 9 13 16 18 22 26 27 | 27.0
Throwing       | 11 15 20 25 27 | 27.0
Stealth        | 14 19 24 27 | 27.0
Unarmed Combat | 12 17 21 27 | 27.0
Spellcasting   | 11 15 20 25 27 | 27.0
Invocations    | 13 18 23 27 | 27.0

Action                   |  1- 3 |  4- 6 |  7- 9 | 10-12 | 13-15 | 16-18 | 19-21 | 22-24 | 25-27 || total
-------------------------+-------+-------+-------+-------+-------+-------+-------+-------+-------++-------
Melee: Executioner's axe |     1 |       |       |     1 |     3 |     5 |     6 |     6 |    60 ||    82
Invok: Greater Servant o |       |       |       |       |       |       |       |       |     3 ||     3
 Stab: Distracted        |       |       |       |       |       |       |       |       |     1 ||     1
Armor: Scale mail        |       |       |       |       |       |       |       |       |    11 ||    11
Dodge: Dodged            |       |       |       |       |       |     1 |     1 |       |     7 ||     9
